 Dungeon Crawl Stone Soup version 0.31-a0-150-g89dc3ad700 (webtiles) character file.

Game seed: 4306231746532681887

395 qw the Shooter (level 6, -2/40 HPs)
             Began as a Gargoyle Hunter on June 8, 2023.
             Slain by Duvessa
             ... wielding a +0 short sword
              (6 damage)
             ... on level 4 of the Dungeon.
             The game lasted 00:00:49 (2031 turns).

qw the Shooter (Gargoyle Hunter)                    Turns: 2031, Time: 00:00:49

Health: -2/40      AC: 10    Str: 20    XL:     6   Next: 82%
Magic:  6/6        EV: 12    Int: 10    God:
Gold:   140        SH:  0    Dex: 21    Spells: 5/5 levels left

rFire   . . .        Y - +1 shortbow
rCold   . . .        (shield currently unavailable)
rNeg    + . .        d - +0 ring mail
rPois   inf          e - +0 helmet
rElec   +            (no cloak)
rCorr   .            (no gloves)
SInv    .            (no boots)
Will    .....        (no amulet)
Stlth   +            g - +6 ring of strength
HPRegen 0.26/turn    c - +6 ring of dexterity
MPRegen 0.10/turn

%: no passive effects
@: no status effects
A: sickness immunity, AC +4, negative energy resistance 1, electricity
resistance, torment resistance 1, petrification resistance
a: no special abilities


You were on level 4 of the Dungeon.
You visited 1 branch of the dungeon, and saw 4 of its levels.

You collected 140 gold pieces.


Innate Abilities, Weirdness & Mutations

You are immune to sickness and miasma.
Your stone body is resilient. (AC +4)
You are immune to poison.
You resist negative energy. (rN+)
You are resistant to electric shocks. (rElec)
You are resistant to unholy torment.
You are immune to petrification.


   Skills:
 - Level 5.2 Fighting
 + Level 6.0 Ranged Weapons
 - Level 1.4 Armour
 - Level 2.1 Dodging
 - Level 1.1 Stealth


You had 5 spell levels left.
You didn't know any spells.
Your spell library was empty.

Inventory:

Hand Weapons
 Y - a +1 shortbow (weapon)
Armour
 d - a +0 ring mail (worn)
 e - a +0 helmet (worn)
Jewellery
 c - a +6 ring of dexterity (right hand)
 g - a +6 ring of strength (left hand)
Wands
 b - a wand of digging (6)
Scrolls
 a - a scroll of identify
 i - a scroll of teleportation
Potions
 f - a potion of heal wounds {unknown}
 h - a potion of cancellation {unknown}

Dungeon Overview and Level Annotations

Branches:
Dungeon (4/15)
 Temple: D:4-7

Altars:
Uskayaw

Annotations:
D:4 Duvessa


Message History

There is a stone staircase leading up here.
You shoot an arrow. The arrow hits the goblin!
You kill the goblin!
You see here a giant cockroach corpse.
Dowan, Brother of Duvessa comes into view.
He is wielding a +0 dagger.
Found a scroll of butterflies.
Dowan shouts!
You shoot an arrow. The arrow hits Dowan.
Dowan is lightly wounded.
Duvessa, Sister of Dowan comes into view.
She is wielding a +0 short sword.
Dowan points at you and mumbles some strange words.
The puff of flame hits you.
Duvessa moves out of view.
2023 ||| FLEEEEING.
There is a stone staircase leading down here.
You shoot an arrow. The arrow hits Dowan.
Dowan is moderately wounded.
You shoot an arrow.
Duvessa shouts!
The arrow hits Dowan!
Dowan is severely wounded.
You shoot an arrow. The arrow hits Dowan!
Dowan is almost dead.
Duvessa says, "Practise, practise, practise!
One day you'll be as good as me."
You shoot an arrow. The arrow hits Dowan.
You kill Dowan!
Duvessa screams in rage.
Duvessa goes berserk!
Your Dodging skill increases to level 2!
You shoot an arrow. The arrow hits Duvessa!
Duvessa is lightly wounded.
You shoot an arrow. The arrow hits Duvessa.
Duvessa is moderately wounded.
Duvessa hits you with a +0 short sword!
You shoot an arrow. The arrow hits Duvessa.
Duvessa is moderately wounded.
Duvessa hits you with a +0 short sword! Duvessa hits you with a +0 short sword.
You shoot an arrow. The arrow hits Duvessa.
Duvessa is moderately wounded.
Duvessa hits you with a +0 short sword! Duvessa hits you with a +0 short sword.
You die...

.##... #.....
#?... #... #..
#.# ########)#
.#
#.......e####.##
#.##...#@.......
#...............
#...........##.#
##..%8..........
#..8<8..).).#.#
#...8%..)[#.# #
#......%..#..
#.........)..#
######.....#...


You could see Duvessa (berserk).

Vanquished Creatures
  Sigmund (D:2)
  Dowan (D:4)
  2 iguanas
  An orc wizard (D:3)
  6 adders
  A worm (D:2)
  A dart slug (D:2)
  4 orcs (D:4)
  8 ball pythons
  5 bats
  2 endoplasms
  A giant cockroach (D:4)
  4 hobgoblins
  A quokka (D:1)
  5 frilled lizards
  5 goblins
  5 kobolds
  2 rats
55 creatures vanquished.

Notes
Turn   | Place    | Note
-------+----------+-------------------------------------------
     0 | D:1      | qw the Gargoyle Hunter began the quest for the Orb.
     0 | D:1      | Reached XP level 1. HP: 12/12 MP: 1/1
     0 | D:1      | 0 ||| qw: Version: 0.2-a-119-g7aa9181
     0 | D:1      | 0 ||| qw: Game counter: 2812
     0 | D:1      | 0 ||| qw: Always use a shield: true
     0 | D:1      | 0 ||| qw: God list: Okawaru
     0 | D:1      | 0 ||| qw: Allow faded altars: false
     0 | D:1      | 0 ||| qw: Do Orc after D:15 true
     0 | D:1      | 0 ||| qw: Do second Lair branch before Depths: true
     0 | D:1      | 0 ||| qw: Lair rune preference: random
     0 | D:1      | 0 ||| qw: Plans: Normal
     0 | D:1      | 0 ||| PLANNING D:1-11
   192 | D:1      | Reached XP level 2. HP: 17/17 MP: 2/2
   519 | D:1      | 519 ||| UPGRADING to +0 ring mail.
   529 | D:1      | 529 ||| DROPPING +0 leather armour.
   530 | D:1      | 530 ||| UPGRADING to +6 ring of strength.
   531 | D:1      | 531 ||| READING scroll labelled GOUHOH COMAO.
   532 | D:1      | 532 ||| DROPPING scroll of butterflies.
   608 | D:2      | Reached skill level 1 in Armour
   686 | D:2      | Reached XP level 3. HP: 19/21 MP: 3/3
   920 | D:2      | Reached skill level 5 in Ranged Weapons
  1028 | D:2      | Noticed Sigmund
  1038 | D:2      | 1038 ||| UPGRADING to +6 ring of dexterity.
  1043 | D:2      | Killed Sigmund
  1044 | D:2      | Reached XP level 4. HP: 12/31 MP: 4/4
  1044 | D:2      | Reached XP level 5. HP: 13/35 MP: 5/5
  1129 | D:2      | 1129 ||| READING scroll labelled HIULOE VECEYN.
  1157 | D:2      | 1157 ||| READING scroll labelled GEBRIATRIR.
  1158 | D:2      | 1158 ||| READING scroll labelled SEL ZIFFUL.
  1366 | D:3      | Reached XP level 6. HP: 40/40 MP: 6/6
  1422 | D:3      | Noticed a +0 falchion
  1422 | D:3      | Noticed a +0 spear
  1423 | D:3      | Noticed a +0 spear
  1424 | D:3      | Noticed a +0 dagger
  1424 | D:3      | Noticed a +0 falchion
  1425 | D:3      | Noticed a +0 dagger
  1425 | D:3      | Noticed a +0 short sword
  1426 | D:3      | Noticed a +0 short sword
  1431 | D:3      | Found a hide-covered altar of Uskayaw.
  1905 | D:3      | 1905 ||| UPGRADING to +0 helmet.
  1910 | D:3      | 1910 ||| READING scroll labelled HAK BOEPIG.
  1974 | D:4      | 1974 ||| FLEEEEING.
  1975 | D:4      | 1975 ||| FLEEEEING.
  1976 | D:4      | 1976 ||| FLEEEEING.
  1977 | D:4      | 1977 ||| STAIRDANCE
  1989 | D:3      | Reached skill level 6 in Ranged Weapons
  2007 | D:3      | 2007 ||| READING scroll labelled SEANOAXKED.
  2021 | D:4      | Noticed Dowan
  2022 | D:4      | Noticed Duvessa
  2023 | D:4      | 2023 ||| FLEEEEING.
  2027 | D:4      | Killed Dowan
  2031 | D:4      | HP: 4/40 [Duvessa/+0 short sword (10)]
  2031 | D:4      | Slain by Duvessa

Levels and vault maps discovered:
D:1:      mushboom_english_gardens, layout_basic
D:2:      layout_rooms, corexii_hall_statues_deadend, uniq_sigmund
D:3:      cheibrodos_helix_gallery, layout_loops_ring,
          nicolae_uskayaw_en_pointe, grunt_ministairs_8,
          kennysheep_generic_room_12
D:4:      layout_basic, mainiacjoe_overflow_catwalk, minmay_temple_entry_ruins,
          roderic_three_in_a_row, st_stairs_14, uniq_duvessa, uniq_grinder,
          uniq_natasha

Skill      XL: |  1  2  3  4  5  6 |
---------------+-------------------+-----
Armour         | 1 |  1.4
Ranged Weapons | 5 6 |  6.0
Fighting       | 5 |  5.2
Dodging        | 2 |  2.1
Stealth        | |  1.1

Action                     |  1- 3 |  4- 6 || total
---------------------------+-------+-------++-------
   Fire: Shortbow          |    87 |    85 ||   172
    Use: Scroll            |     1 |     5 ||     6
 Armour: Leather armour    |     2 |       ||     2
         Ring mail         |    20 |    39 ||    59
  Dodge: Dodged            |    23 |    24 ||    47

Table legend:
 A = Non-vault XP
 B = Vault XP
 C = Vault XP percentage of total XP
 D = Non-vault monster count
 E = Vault monster count
 F = Vault count percentage of total count
                 A         B        C        D         E       F
            +---------+---------+-------+---------+---------+-------
      Total |     209 |     356 |  63.0 |      46 |       9 |  16.4
            +---------+---------+-------+---------+---------+-------
        D:1 |      11 |       0 |   0.0 |       7 |       0 |   0.0
        D:2 |      53 |     231 |  81.3 |      16 |       1 |   5.9
        D:3 |      77 |      43 |  35.8 |      13 |       5 |  27.8
        D:4 |      68 |      82 |  54.7 |      10 |       3 |  23.1
            +---------+---------+-------+---------+---------+-------
